Map: 2000 Atmospheres LE

Players

kushfuhrer

  • Race: Terran Terran
  • League: Diamond

Pathos - Winner!

  • Race: Protoss Protoss
  • League: Diamond

VOD

Have the link to the VOD?

Description

Time

  • Played on: May 16, 2021, 2:57 p.m.
  • Length: 13:32
Show
View Real Time Build Order
Export as new Build Order

kushfuhrer Terran 

Build Orders:  

Get SALT Encoding   

  12  0:00  SCV  
  13  0:13  SCV  
  14  0:17  Supply Depot  
  14  0:25  SCV  
  15  0:38  SCV  
  15  0:40  Barracks  
  16  0:44  Refinery  
  16  0:50  SCV  
  17  1:02  SCV  
  18  1:14  SCV  
  19  1:27  Marine  
  19  1:28  Orbital Command  
  20  1:44  Command Center  
  20  1:47  Barracks Reactor  
  20  1:57  SCV  
  21  2:09  SCV  
  21  2:14  Supply Depot  
  22  2:21  SCV  
  23  2:31  Command Center  
  23  2:36  SCV, Marine x2  
  26  2:47  Barracks  
  26  2:49  SCV  
  27  2:56  Orbital Command, Reaper x2  
  29  3:01  SCV  
  30  3:09  Engineering Bay  
  30  3:13  SCV  
  30  3:19  Refinery  
  31  3:22  SCV  
  31  3:25  SCV  
  33  3:34  SCV  
  33  3:35  Factory  
  33  3:36  Barracks Tech Lab  
  33  3:37  Missile Turret  
  33  3:40  SCV  
  35  3:45  Orbital Command  
  35  3:47  SCV  
  36  3:50  Barracks, Marine x2  
  36  3:53  SCV  
  39  3:59  Terran Infantry Weapons Level 1  
  39  4:03  Refinery x2  
  39  4:04  SCV  
  39  4:07  SCV  
  41  4:11  Supply Depot  
  41  4:16  SCV  
  42  4:20  SCV  
  43  4:24  SCV, Stimpack  
  43  4:28  SCV, Missile Turret  
  43  4:31  Bunker, Marine  
  43  4:32  SCV  
  43  4:34  Factory Reactor  
  45  4:40  Starport  
  45  4:42  SCV  
  45  4:44  SCV  
  47  4:46  SCV  
  47  4:47  Barracks Tech Lab  
  48  4:54  SCV  
  48  4:55  Marine x3  
  48  4:58  SCV  
  48  4:59  SCV  
  54  5:03  Supply Depot  
  54  5:06  SCV  
  55  5:08  Orbital Command  
  55  5:10  SCV  
  55  5:13  Barracks, Combat Shield  
  57  5:15  Barracks  
  57  5:19  Marine x3  
  59  5:22  SCV  
  59  5:25  SCV  
  59  5:26  Factory Reactor  
  59  5:27  Supply Depot, Marine  
  62  5:28  Medivac x2  
  62  5:34  SCV x2  
  68  5:37  Marine x3  
  68  5:38  Supply Depot  
  68  5:40  SCV  
  72  5:46  SCV, Supply Depot  
  72  5:48  SCV  
  74  5:51  Marine  
  74  5:52  Engineering Bay  
  74  5:53  Terran Infantry Armor Level 1  
  74  5:54  SCV  
  74  5:55  Armory  
  76  5:58  Medivac  
  76  5:59  Medivac  
  80  6:09  SCV, Marine  
  80  6:10  SCV  
  82  6:13  Widow Mine x2  
  86  6:18  SCV  
  86  6:21  Missile Turret  
  86  6:23  Marine  
  90  6:28  Medivac x2, Barracks Tech Lab  
  90  6:29  Barracks Tech Lab  
  92  6:35  SCV x2, Refinery  
  92  6:36  SCV  
  92  6:37  Refinery, Marine x2  
  97  6:40  Supply Depot  
  97  6:42  Supply Depot  
  97  6:43  Widow Mine x2  
  101  6:48  SCV x2, Marine x2  
  101  6:51  Supply Depot x2  
  105  7:00  SCV x2  
  107  7:03  SCV  
  107  7:06  Widow Mine x2  
  107  7:07  Terran Infantry Weapons Level 2  
  112  7:12  Supply Depot, SCV  
  112  7:13  Command Center  
  112  7:14  Supply Depot  
  113  7:16  SCV  
  113  7:21  SCV, Marine  
  113  7:22  Marauder, Marine  
  119  7:26  Marauder, Marine x2  
  123  7:34  SCV  
  123  7:35  SCV x2  
  116  7:39  Starport  
  116  7:44  Marine x2  
  116  7:45  Marauder x2  
  116  7:46  SCV, Ghost Academy, Concussive Shells  
  116  7:47  Widow Mine x2  
  116  7:48  SCV  
  116  7:49  SCV  
  129  7:55  Marauder, Marine  
  129  7:58  SCV  
  133  8:00  Supply Depot  
  133  8:02  Marine  
  134  8:06  Marauder  
  134  8:09  Medivac x2, Marine  
  141  8:14  Marine  
  141  8:16  Marine  
  144  8:20  Marine  
  144  8:23  SCV x2  
  144  8:25  Terran Infantry Armor Level 2  
  144  8:26  Supply Depot, Planetary Fortress  
  147  8:27  Marauder, Marine  
  147  8:29  Missile Turret  
  147  8:33  SCV  
  153  8:34  Marine  
  153  8:35  Enhanced Shockwaves  
  153  8:38  Ghost x2  
  155  8:44  SCV x2  
  155  8:48  Ghost  
  157  8:58  SCV x2, Marine x2  
  157  8:59  Marauder  
  157  9:01  SCV  
  164  9:07  Marauder, Ghost  
  168  9:12  Widow Mine  
  168  9:13  Supply Depot, Terran Ship Weapons Level 1  
  168  9:15  Starport Reactor  
  168  9:16  Marine x2, Ghost  
  172  9:17  Viking  
  172  9:20  Marauder  
  178  9:25  SCV  
  178  9:28  Supply Depot, Marine  
  180  9:32  Refinery  
  180  9:34  Refinery, Sensor Tower  
  180  9:35  Ghost  
  180  9:36  Sensor Tower  
  182  9:41  Ghost  
  180  10:02  Terran Infantry Weapons Level 3, Bunker  
  176  10:12  Liberator  
  177  10:25  Missile Turret  
  177  10:31  Ghost x3  
  183  10:37  Barracks  
  183  10:40  Barracks x2, Marine x3  
  177  10:57  Marine  
  177  10:58  Marine x2  
  177  10:59  Marine  
  177  11:00  Marine x2  
  181  11:06  SCV x4  
  185  11:15  Marine x3  
  185  11:17  Marine  
  163  11:28  Ghost x2  
  161  11:33  Marine x2, Ghost  
  161  11:36  Marauder  
  144  11:48  SCV  
  144  11:49  SCV x2  
  144  11:51  Marine x2  
  147  11:57  Marauder x2, Marine  
  147  12:00  Barracks Tech Lab x3  
  149  12:02  Marauder  
  149  12:05  Command Center  
  135  12:09  Marine x2  
  135  12:15  Marauder  
  125  12:18  Marine x2  
  125  12:21  Marine x3  
  127  12:23  Marine  
  127  12:26  Marine  
  127  12:27  Marine  
  125  12:32  Liberator x2  
  125  12:36  Marauder x2, Marine  
  132  12:38  Fusion Core  
  132  12:39  Marine x2  
  132  12:40  Marauder  
  132  12:41  Marine  
  129  12:44  Marine x2  
  131  12:52  Engineering Bay  
  131  12:54  Marine  
  131  12:57  Marine x4  
  126  12:59  Marine  
  126  13:01  Marine  
  126  13:02  Marine  
  114  13:12  Marine x2  
  106  13:14  SCV x2  
  110  13:23  Command Center x2  
Show
View Real Time Build Order
Export as new Build Order

Pathos Protoss - Winner!

Build Orders: 1 Gate Expand, Phoenix Opening, Blink Stalkers 

Get SALT Encoding   

  12  0:00  Probe  
  13  0:12  Probe  
  14  0:17  Pylon  
  14  0:24  Probe (Chrono Boost)  
  15  0:36  Probe (Chrono Boost)  
  15  0:40  Gateway  
  16  0:44  Probe (Chrono Boost)  
  17  0:53  Probe  
  17  0:56  Assimilator  
  18  1:05  Probe (Chrono Boost)  
  19  1:16  Probe (Chrono Boost)  
  20  1:27  Cybernetics Core  
  20  1:39  Nexus  
  20  1:47  Probe  
  20  1:49  Pylon  
  21  2:05  Probe  
  21  2:09  Assimilator  
  21  2:10  Sentry (Chrono Boost)  
  23  2:17  Probe  
  24  2:28  Warp Gate  
  24  2:29  Probe  
  25  2:36  Phoenix  
  25  2:39  Stalker  
  25  2:41  Probe  
  28  2:53  Probe  
  29  2:59  Twilight Council  
  30  3:06  Probe (Chrono Boost)  
  30  3:11  Probe (Chrono Boost)  
  32  3:22  Probe (Chrono Boost)  
  32  3:23  Probe (Chrono Boost)  
  33  3:27  Probe (Chrono Boost)  
  33  3:29  Probe (Chrono Boost)  
  35  3:35  Nexus  
  35  3:37  Probe  
  35  3:38  Forge  
  35  3:40  Blink (Chrono Boost)  
  36  3:41  Probe  
  37  3:49  Probe  
  37  3:51  Gateway  
  37  3:53  Probe  
  39  4:01  Probe, Robotics Facility  
  40  4:06  Probe  
  41  4:14  Probe  
  41  4:18  Probe  
  41  4:23  Pylon  
  41  4:26  Probe  
  41  4:30  Probe  
  43  4:32  Protoss Ground Weapons Level 1  
  43  4:35  Pylon  
  43  4:38  Probe  
  44  4:42  Probe  
  44  4:45  Pylon  
  45  4:48  Observer  
  45  4:50  Probe  
  45  4:51  Probe  
  48  4:54  Probe  
  48  4:56  Gateway x2  
  49  5:00  Assimilator  
  49  5:02  Probe  
  49  5:03  Gateway  
  49  5:04  Gateway  
  50  5:10  Gateway  
  50  5:12  Gateway  
  50  5:15  Probe x2  
  52  5:28  Probe x2  
  54  5:30  Gateway  
  54  5:31  Probe  
  54  5:33  Observer, Gateway  
  54  5:34  Charge (Chrono Boost)  
  56  5:41  Stalker  
  56  5:42  Stalker  
  60  5:49  Probe x2 (Chrono Boost)  
  63  5:54  Probe (Chrono Boost)  
  63  6:00  Pylon, Probe x2 (Chrono Boost)  
  63  6:03  Pylon  
  66  6:04  Probe (Chrono Boost)  
  66  6:05  Probe x2 (Chrono Boost)  
  67  6:13  Templar Archives  
  67  6:14  Probe  
  67  6:15  Probe  
  67  6:16  Zealot, Probe  
  67  6:17  Zealot x4  
  67  6:18  Zealot x2  
  84  6:33  Probe x3  
  84  6:37  Stalker x2  
  91  6:40  Stalker x2  
  91  6:44  Zealot x3  
  101  6:54  Probe x2  
  101  6:56  Probe  
  101  7:00  Observer  
  98  7:02  Stalker  
  98  7:08  Pylon, Protoss Ground Armor Level 1  
  100  7:09  Pylon  
  100  7:11  Pylon  
  100  7:13  Pylon  
  100  7:14  Pylon  
  98  7:16  Pylon  
  98  7:24  Pylon, Nexus  
  98  7:32  Psionic Storm, High Templar  
  98  7:33  High Templar  
  98  7:34  Zealot  
  98  7:35  Zealot x7  
  118  7:37  Warp Prism  
  119  7:49  Probe x2  
  119  7:50  Probe  
  122  7:55  Pylon, Assimilator  
  122  7:56  Assimilator  
  122  8:01  Probe x2  
  122  8:02  Probe  
  122  8:04  Zealot  
  122  8:05  Zealot  
  129  8:13  Probe, Immortal  
  129  8:18  Zealot x6  
  144  8:33  Photon Cannon  
  144  8:34  Shield Battery  
  144  8:35  High Templar  
  144  8:39  Photon Cannon  
  146  8:51  Robotics Facility  
  146  8:52  Observer  
  146  8:55  Robotics Bay  
  143  8:58  Probe  
  143  9:00  Photon Cannon  
  143  9:01  Shield Battery  
  144  9:03  Assimilator  
  144  9:06  Assimilator  
  142  9:12  Probe x4  
  142  9:14  Protoss Ground Weapons Level 2 (Chrono Boost), Photon Cannon  
  142  9:15  Zealot x4, Shield Battery  
  154  9:27  Probe  
  157  9:42  Colossus x2  
  167  9:46  Extended Thermal Lance  
  161  10:05  Pylon  
  161  10:06  Pylon  
  161  10:19  Nexus  
  161  10:20  Dark Shrine  
  159  10:21  Pylon  
  159  10:28  Zealot x4  
  167  10:36  Disruptor x2  
  163  10:43  High Templar  
  163  11:03  High Templar x2  
  162  11:12  Disruptor x2  
  153  11:24  Zealot x7  
  152  11:29  Zealot  
  134  11:43  Zealot x2  
  134  11:45  Zealot  
  138  11:49  Zealot x4  
  138  11:50  Zealot x3  
  138  11:54  Observer, Shadow Stride (Chrono Boost)  
  139  11:56  Observer  
  140  12:12  Zealot x2, High Templar x2  
  140  12:15  Disruptor  
  148  12:19  High Templar  
  148  12:20  High Templar  
  149  12:23  Nexus  
  149  12:27  Observer, Dark Templar x2  
  149  12:28  Dark Templar x2  
  150  12:47  Probe x2  
  149  13:03  Pylon  
  149  13:05  Pylon  
  143  13:08  High Templar x5  
  143  13:09  High Templar  
  157  13:15  Assimilator  
  157  13:16  Nexus  
  157  13:18  Assimilator  
  157  13:19  Assimilator  
  157  13:23  Assimilator  
Tags
 
Add a new tag
Caveats
  • Supply blocks, unpowered buildings, or Contaminate may cause inaccurate times.
  • Supply counts are checked every 10 seconds.